AAA
BATON ROUGE BAYOU @ MOSCOW MULES
04/23/2060
 
TOP OF THE 1ST
Baton Rouge Bayou batting - Pitching for Moscow Mules : RHP Rashaan Loomans
Pitching: RHP Rashaan Loomans
Batting: RHB Huston Cruz 0-0: Called Strike
0-1: Bunt missed!
0-2: Ball
1-2: Ball
2-2: Ball
3-2: Base on Balls
Batting: LHB Devin Kee 0-0: Swinging Strike
0-1: Swinging Strike
0-2: DOUBLE (Line Drive, 78D, EV 100.0 MPH)
Huston Cruz to third
Batting: LHB Jon MacKinnon 0-0: Ball
1-0: Fly out, F8 (Line Drive, 89M, EV 96.2 MPH)
Batting: LHB Kemper Small 0-0: Ball
1-0: Fly out, F7 (Flyball, 7LM, EV 110.0 MPH)
Runner from 3rd tags up, SCORES, no throw by LF
Batting: RHB Nathan Stiso 0-0: Called Strike
0-1: Ground out 5-3 (Groundball, 5, EV 80.6 MPH)
Top of the 1st over - 1 run, 1 hit, 0 errors, 1 left on base; Baton Rouge 1 - Moscow 0
BOTTOM OF THE 1ST
Moscow Mules batting - Pitching for Baton Rouge Bayou : RHP Max Sivak
Pitching: RHP Max Sivak
Batting: SHB Irv Macura 0-0: Called Strike
0-1: Swinging Strike
0-2: Strikes out swinging
Batting: RHB Vince Fowler 0-0: Called Strike
0-1: Ball
1-1: DOUBLE (Groundball, 5L, EV 93.8 MPH)
Batting: LHB Billy Collins 0-0: Foul Ball, location: 2F
0-1: Swinging Strike
0-2: DOUBLE (Flyball, 78XD, EV 103.1 MPH)
Vince Fowler scores
Batting: LHB Austin Anderson 0-0: SINGLE (Groundball, 4MD, EV 105.6 MPH)
Billy Collins to third
Runner from 3rd tries for Home, SAFE, throw by CF to home
Batting: RHB Bailey Madry 0-0: Ball
1-0: Swinging Strike
1-1: Called Strike
Austin Anderson is caught stealing 2nd base 2-4
1-2: Ball
2-2: Ball
3-2: Foul Ball, location: 2F
3-2: Strikes out swinging
Bottom of the 1st over - 2 runs, 3 hits, 0 errors, 0 left on base; Baton Rouge 1 - Moscow 2
TOP OF THE 2ND
Baton Rouge Bayou batting - Pitching for Moscow Mules : RHP Rashaan Loomans
Batting: RHB James Wilson 0-0: Reached on error, E6 (Groundball, 6D, EV 88.1 MPH)
Batting: RHB Tripp Kalifetona 0-0: Called Strike
0-1: Foul Ball, location: 2F
0-2: Ball
1-2: Foul Ball, location: 2F
1-2: Fielders Choice at 2nd, 6-4 (Groundball, 6, EV 86.9 MPH)
Batting: RHB Garret Richards 0-0: Called Strike
0-1: Ball
1-1: Ball
2-1: Ball
3-1: Foul Ball, location: 2F
3-2: Foul Ball, location: 2F
3-2: Grounds into double play, 6-4-3 (Groundball, 56, EV 101.2 MPH)
Top of the 2nd over - 0 runs, 0 hits, 1 error, 0 left on base; Baton Rouge 1 - Moscow 2
BOTTOM OF THE 2ND
Moscow Mules batting - Pitching for Baton Rouge Bayou : RHP Max Sivak
Batting: RHB Shawn Douglas 0-0: Called Strike
0-1: Fly out, F7 (Flyball, 7S, EV 87.5 MPH)
Batting: RHB Amar Giles 0-0: Ball
1-0: Ground out 6-3 (Groundball, 6S, EV 83.1 MPH)
Batting: RHB DeAndrae Sainovic 0-0: SINGLE (Line Drive, 4D, EV 94.4 MPH)
Batting: RHB Cole Rega 0-0: Foul Ball, location: 2F
0-1: Ball
1-1: Swinging Strike
1-2: Ball
2-2: Foul Ball, location: 2F
2-2: Ball
3-2: Strikes out looking
Bottom of the 2nd over - 0 runs, 1 hit, 0 errors, 1 left on base; Baton Rouge 1 - Moscow 2
TOP OF THE 3RD
Baton Rouge Bayou batting - Pitching for Moscow Mules : RHP Rashaan Loomans
Batting: RHB Justin Greene 0-0: Called Strike
0-1: Called Strike
0-2: Foul Ball, location: 2F
0-2: Ball
1-2: Ball
2-2: Ground out 6-3 (Groundball, 6, EV 85.0 MPH)
Batting: RHB Huston Cruz 0-0: Ball
1-0: SINGLE (Line Drive, 4D, EV 95.0 MPH)
Batting: LHB Devin Kee 0-0: Ball
1-0: Ball
2-0: Ball
3-0: Called Strike
3-1: Fly out, F7 (Flyball, 7S, EV 85.0 MPH)
Batting: LHB Jon MacKinnon 0-0: Ball
1-0: Fly out, F8 (Flyball, 8RD, EV 93.1 MPH)
Top of the 3rd over - 0 runs, 1 hit, 0 errors, 1 left on base; Baton Rouge 1 - Moscow 2
BOTTOM OF THE 3RD
Moscow Mules batting - Pitching for Baton Rouge Bayou : RHP Max Sivak
Batting: SHB Irv Macura 0-0: Called Strike
0-1: Ground out 6-3 (Groundball, 6, EV 82.5 MPH)
Batting: RHB Vince Fowler 0-0: Called Strike
0-1: Ball
1-1: SINGLE (Flyball, 89S, EV 91.2 MPH)
Batting: LHB Billy Collins 0-0: Fielders Choice at 2nd, 1-6 (Groundball, 13S, EV 69.4 MPH)
Batting: LHB Austin Anderson 0-0: Called Strike
0-1: Ball
1-1: Ball
2-1: SINGLE (Groundball, 34, EV 95.6 MPH)
Billy Collins to second
Runner from 2nd tries for 3rd, SAFE, throw by RF made to third
Batting: RHB Bailey Madry 0-0: Called Strike
0-1: Ball
1-1: Foul Ball, location: 2F
1-2: Ball
2-2: SINGLE (Groundball, 6MD, EV 106.9 MPH)
Billy Collins scores
Austin Anderson to second
Throwing error, E8
Austin Anderson scores
Bailey Madry to second
Batting: RHB Shawn Douglas 0-0: Foul Ball, location: 2F
0-1: Ball
1-1: Ball
2-1: Foul Ball, location: 2F
2-2: Ball
3-2: Base on Balls
Batting: RHB Amar Giles 0-0: Fly out, F8 (Flyball, 8RD, EV 80.0 MPH)
Bottom of the 3rd over - 2 runs, 3 hits, 1 error, 2 left on base; Baton Rouge 1 - Moscow 4
TOP OF THE 4TH
Baton Rouge Bayou batting - Pitching for Moscow Mules : RHP Rashaan Loomans
Batting: LHB Kemper Small 0-0: Swinging Strike
0-1: Ball
1-1: Ball
2-1: Foul Ball, location: 2F
2-2: Strikes out looking
Batting: RHB Nathan Stiso 0-0: Ball
1-0: Ball
2-0: Foul Ball, location: 2F
2-1: DOUBLE (Flyball, 8RXD, EV 95.6 MPH)
Batting: RHB James Wilson 0-0: Called Strike
0-1: Swinging Strike
0-2: Ground out 2-3 (Groundball, 2L, EV 65.0 MPH)
Nathan Stiso to third
Batting: RHB Tripp Kalifetona 0-0: Ball
1-0: Ball
2-0: Foul Ball, location: 2F
2-1: Ball
3-1: Base on Balls
Batting: RHB Garret Richards 0-0: Ball
1-0: Swinging Strike
1-1: Called Strike
1-2: Ground out 4-3 (Groundball, 4S, EV 81.2 MPH)
Top of the 4th over - 0 runs, 1 hit, 0 errors, 2 left on base; Baton Rouge 1 - Moscow 4
BOTTOM OF THE 4TH
Moscow Mules batting - Pitching for Baton Rouge Bayou : RHP Max Sivak
Batting: RHB DeAndrae Sainovic 0-0: Called Strike
0-1: Ball
1-1: Foul Ball, location: 2F
1-2: Fly out, F8 (Line Drive, 8LD, EV 90.0 MPH)
Batting: RHB Cole Rega 0-0: Called Strike
0-1: SINGLE (Groundball, 56D, EV 105.6 MPH)
Batting: SHB Irv Macura 0-0: Ball
1-0: Ball
2-0: Ball
3-0: Base on Balls
Cole Rega to second
Batting: RHB Vince Fowler 0-0: Fly out, F8 (Flyball, 89M, EV 87.5 MPH)
Batting: LHB Billy Collins 0-0: Ball
1-0: Ball
Pickoff Throw to Second - Out!
Bottom of the 4th over - 0 runs, 1 hit, 0 errors, 1 left on base; Baton Rouge 1 - Moscow 4
TOP OF THE 5TH
Baton Rouge Bayou batting - Pitching for Moscow Mules : RHP Rashaan Loomans
Batting: RHB Justin Greene 0-0: Ball
1-0: Ground out 4-3 (Groundball, 4, EV 81.9 MPH)
Batting: RHB Huston Cruz 0-0: Ball
1-0: Bunt for hit to 3S - play at first, batter OUT! 3-4
Batting: LHB Devin Kee 0-0: Ball
1-0: Called Strike
1-1: Fly out, F2 (Popup, 15S, EV 89.4 MPH)
Top of the 5th over - 0 runs, 0 hits, 0 errors, 0 left on base; Baton Rouge 1 - Moscow 4
BOTTOM OF THE 5TH
Moscow Mules batting - Pitching for Baton Rouge Bayou : RHP Max Sivak
Batting: LHB Billy Collins 0-0: Ball
1-0: Called Strike
1-1: Fly out, F5 (Popup, 56S, EV 71.2 MPH)
Batting: LHB Austin Anderson 0-0: Called Strike
0-1: SINGLE (Groundball, 34S, EV 67.5 MPH) (infield hit)
Batting: RHB Bailey Madry 0-0: Called Strike
0-1: Ball
1-1: Foul Ball, location: 2F
1-2: Ball
2-2: Strikes out looking
Batting: RHB Shawn Douglas 0-0: Ball
1-0: Ball
2-0: Called Strike
2-1: Ball
3-1: DOUBLE (Line Drive, 3D, EV 99.4 MPH)
Austin Anderson to third
Runner from 3rd tries for Home, SAFE, no throw by RF
Pitching: LHP Ike Dotson
Batting: RHB Amar Giles 0-0: Ball
1-0: Ball
2-0: DOUBLE (Flyball, 9LD, EV 103.8 MPH)
Shawn Douglas scores
Batting: RHB DeAndrae Sainovic 0-0: Called Strike
0-1: Foul Ball, location: 2F
0-2: Strikes out swinging
Bottom of the 5th over - 2 runs, 3 hits, 0 errors, 1 left on base; Baton Rouge 1 - Moscow 6
TOP OF THE 6TH
Baton Rouge Bayou batting - Pitching for Moscow Mules : RHP Rashaan Loomans
Batting: LHB Jon MacKinnon 0-0: Swinging Strike
0-1: Called Strike
0-2: Strikes out looking
Batting: LHB Kemper Small 0-0: Ball
1-0: Ball
2-0: Fly out, F7 (Line Drive, 7LS, EV 90.0 MPH)
Batting: RHB Nathan Stiso 0-0: Ball
1-0: Foul Ball, location: 2F
1-1: Fly out, F3 (Popup, 3SF, EV 78.8 MPH)
Top of the 6th over - 0 runs, 0 hits, 0 errors, 0 left on base; Baton Rouge 1 - Moscow 6
BOTTOM OF THE 6TH
Moscow Mules batting - Pitching for Baton Rouge Bayou : LHP Ike Dotson
Batting: RHB Cole Rega 0-0: Swinging Strike
0-1: Swinging Strike
0-2: Ball
1-2: Fly out, F6 (Popup, 6MS, EV 74.4 MPH)
Batting: SHB Irv Macura 0-0: DOUBLE (Groundball, 5L, EV 100.6 MPH)
Batting: RHB Vince Fowler 0-0: Called Strike
0-1: Called Strike
0-2: Ball
1-2: Strikes out swinging wild pitch, reaches first!
Irv Macura to third
Batting: LHB Billy Collins 0-0: Ball
1-0: Called Strike
1-1: Foul Ball, location: 2F
1-2: SINGLE (Flyball, 7S, EV 93.8 MPH)
Irv Macura scores
Vince Fowler to second
Batting: LHB Austin Anderson 0-0: Called Strike
0-1: SINGLE (Flyball, 5D, EV 90.6 MPH)
Vince Fowler to third
Billy Collins to second
Batting: RHB Bailey Madry 0-0: Called Strike
0-1: GRAND SLAM HOME RUN (Flyball, 7LD, EV 95.0 MPH), Distance : 349 ft
Pitching: RHP Camden Fox
Batting: RHB Shawn Douglas 0-0: Fly out, F9 (Flyball, 89XD, EV 109.4 MPH)
Batting: RHB Amar Giles 0-0: Called Strike
0-1: SINGLE (Line Drive, 4M, EV 103.8 MPH)
Batting: RHB DeAndrae Sainovic 0-0: Foul Ball, location: 2F
0-1: Ball
1-1: SINGLE (Groundball, 56D, EV 103.1 MPH)
Amar Giles to second
Batting: RHB Cole Rega 0-0: Ball
1-0: Called Strike
1-1: SINGLE (Line Drive, 78S, EV 88.8 MPH)
Amar Giles to third
DeAndrae Sainovic to second
Batting: SHB Irv Macura 0-0: Ball
1-0: Reached on error, E3 (Groundball, 34, EV 84.4 MPH)
Amar Giles scores
DeAndrae Sainovic scores
Cole Rega to third
Batting: RHB Vince Fowler 0-0: Ball
1-0: Ball
2-0: Ball
3-0: Called Strike
3-1: Foul Ball, location: 2F
3-2: Foul Ball, location: 2F
3-2: DOUBLE (Line Drive, 7LS, EV 89.4 MPH)
Cole Rega scores
Irv Macura scores
Batting: LHB Billy Collins 0-0: Ball
1-0: Called Strike
1-1: Foul Ball, location: 2F
1-2: Foul Ball, location: 2F
1-2: Foul Ball, location: 2F
1-2: Fly out, F8 (Flyball, 8LS, EV 88.1 MPH)
Bottom of the 6th over - 9 runs, 8 hits, 1 error, 1 left on base; Baton Rouge 1 - Moscow 15
TOP OF THE 7TH
Baton Rouge Bayou batting - Pitching for Moscow Mules : RHP Rashaan Loomans
Batting: RHB James Wilson 0-0: Swinging Strike
0-1: Ball
1-1: Foul Ball, location: 2F
1-2: Foul Ball, location: 2F
1-2: Foul Ball, location: 2F
1-2: Strikes out swinging
Batting: RHB Tripp Kalifetona 0-0: Ball
1-0: Called Strike
1-1: SINGLE (Groundball, 4MD, EV 96.2 MPH)
Batting: RHB Garret Richards 0-0: Ball
Tripp Kalifetona steals 2nd base (no throw)
1-0: SINGLE (Line Drive, 7S, EV 94.4 MPH)
Tripp Kalifetona to third
Batting: RHB Justin Greene 0-0: Ball
1-0: Ball
2-0: DOUBLE (Flyball, 8LD, EV 109.4 MPH)
Tripp Kalifetona scores
Garret Richards to third
Runner from 3rd tries for Home, SAFE, throw by CF to home
Batting: RHB Huston Cruz 0-0: Ball
1-0: Ball
2-0: Ball
3-0: Base on Balls
Pinch Hitting: LHB Isaac Allen 0-0: Called Strike
0-1: SINGLE (Groundball, 6D, EV 107.5 MPH)
Justin Greene to third
Huston Cruz to second
Runner from 3rd tries for Home, SAFE, throw by CF to home
Pitching: RHP Cleshawn Topp
Batting: LHB Jon MacKinnon 0-0: Foul Ball, location: 2F
0-1: Called Strike
0-2: Strikes out looking
Pitching: LHP Kameron Saar
Batting: LHB Kemper Small 0-0: Ball
1-0: Called Strike
1-1: Called Strike
1-2: Foul Ball, location: 2F
1-2: Strikes out swinging
Top of the 7th over - 3 runs, 4 hits, 0 errors, 2 left on base; Baton Rouge 4 - Moscow 15
BOTTOM OF THE 7TH
Moscow Mules batting - Pitching for Baton Rouge Bayou : RHP Camden Fox
Now in LF: Isaac Allen
Now in RF: Nathan Stiso
Pinch Hitting: LHB Kyle Williams 0-0: Ball
1-0: Ball
2-0: Ball
3-0: Called Strike
3-1: Foul Ball, location: 2F
3-2: Strikes out swinging
Batting: RHB Bailey Madry 0-0: Ball
1-0: Called Strike
1-1: Swinging Strike
1-2: Foul Ball, location: 2F
1-2: Ball
2-2: Strikes out looking
Batting: RHB Shawn Douglas 0-0: Called Strike
0-1: Foul Ball, location: 2F
0-2: Strikes out looking
Bottom of the 7th over - 0 runs, 0 hits, 0 errors, 0 left on base; Baton Rouge 4 - Moscow 15
TOP OF THE 8TH
Baton Rouge Bayou batting - Pitching for Moscow Mules : LHP Kameron Saar
Now at 1B: Kyle Williams
Batting: RHB Nathan Stiso 0-0: Foul Ball, location: 2F
0-1: Swinging Strike
0-2: Strikes out looking
Batting: RHB James Wilson 0-0: Foul Ball, location: 2F
0-1: Ball
1-1: Ball
2-1: Ball
3-1: Called Strike
3-2: Fly out, F8 (Flyball, 8RD, EV 92.5 MPH)
Batting: RHB Tripp Kalifetona 0-0: Ball
1-0: Ball
2-0: Swinging Strike
2-1: Foul Ball, location: 2F
2-2: Ball
3-2: Ground out 6-3 (Groundball, 6, EV 80.0 MPH)
Top of the 8th over - 0 runs, 0 hits, 0 errors, 0 left on base; Baton Rouge 4 - Moscow 15
BOTTOM OF THE 8TH
Moscow Mules batting - Pitching for Baton Rouge Bayou : RHP Camden Fox
Batting: RHB Amar Giles 0-0: Called Strike
0-1: Called Strike
0-2: Ground out 6-3 (Groundball, 6, EV 88.8 MPH)
Pitching: LHP Dave Childers
Batting: RHB DeAndrae Sainovic 0-0: Called Strike
0-1: Ball
1-1: Ball
2-1: Ball
3-1: SINGLE (Line Drive, 89S, EV 100.0 MPH)
Batting: RHB Cole Rega 0-0: Ball
1-0: Foul Ball, location: 2F
1-1: Fly out, F9 (Flyball, 89D, EV 105.0 MPH)
Batting: SHB Irv Macura 0-0: Called Strike
0-1: Ball
1-1: Ground out 1-3 (Groundball, 13, EV 73.8 MPH)
Bottom of the 8th over - 0 runs, 1 hit, 0 errors, 1 left on base; Baton Rouge 4 - Moscow 15
TOP OF THE 9TH
Baton Rouge Bayou batting - Pitching for Moscow Mules : LHP Kameron Saar
Pinch Hitting: RHB Jeremie Holzschuh 0-0: SINGLE (Line Drive, 9S, EV 105.6 MPH)
Batting: RHB Justin Greene 0-0: Ball
1-0: Ball
2-0: Called Strike
2-1: Foul Ball, location: 2F
2-2: Strikes out swinging
Batting: RHB Huston Cruz 0-0: Ball
1-0: Foul Ball, location: 2F
1-1: Foul Ball, location: 2RF, Error on foul ball, E2
1-2: SINGLE (Groundball, 4, EV 95.0 MPH)
Jeremie Holzschuh to second
Pinch Hitting: RHB Seth Price 0-0: Called Strike
0-1: Grounds into double play, 6-4-3 (Groundball, 6, EV 92.5 MPH)
Top of the 9th over - 0 runs, 2 hits, 1 error, 1 left on base; Baton Rouge 4 - Moscow 15
Monday, April 29th , 2024 - OOTP Baseball 23.10 Build 110